 Dungeon Crawl Stone Soup version 0.22-a0-284-g99d1f7439c (webtiles) character file.

2683 RedPan the Martial Artist (level 9, -2/65 HPs)
             Began as a Demonspawn Monk on Mar 22, 2018.
             Was an Elder of Cheibriados.
             Slain by a centaur
             ... wielding a +2 glaive of chopping
              (5 damage)
             ... on level 7 of the Dungeon.
             The game lasted 00:12:28 (7238 turns).

RedPan the Martial Artist (Demonspawn Monk)         Turns: 7238, Time: 00:12:28

Health: -2/65      AC:  8    Str: 24    XL:     9   Next: 37%
Magic:  14/14      EV:  2    Int: 20    God:    Cheibriados [****..]
Gold:   274        SH:  0    Dex: 25    Spells: 8/8 levels left

rFire    . . .     SeeInvis .     - Unarmed
rCold    . . .     Gourm    .   (no shield)
rNeg     + + +     Faith    .   a - +0 robe
rPois    ∞         Spirit   .   (no helmet)
rElec    .         Reflect  +   d - +1 cloak
rCorr    .         Harm     .   (no gloves)
MR       .....                  p - +0 pair of boots
Stlth    +++.......             r - +3 amulet of reflection
HPRegen  0.20/turn              g - +3 ring of protection
MPRegen  0.14/turn              (no ring)

@: petrified, very slow
A: hooves 2, rot immunity
a: Bend Time, Temporal Distortion, Slouch, Renounce Religion


You were on level 7 of the Dungeon.
You worshipped Cheibriados.
Cheibriados was greatly pleased with you.
You were not hungry.

You visited 2 branches of the dungeon, and saw 8 of its levels.

You collected 274 gold pieces.

Inventory:

Armour
 a - a +0 robe (worn)
 d - a +1 cloak (worn)
 l - a +0 large shield
 p - a +0 pair of boots (worn)
Jewellery
 e - an uncursed amulet of the acrobat
 g - a +3 ring of protection (left hand)
 r - a +3 amulet of reflection (around neck)
Wands
 h - a wand of polymorph (7)
 t - a wand of random effects (27)
 w - a wand of paralysis (10)
 x - a wand of acid (10)
Scrolls
 f - 2 scrolls of magic mapping
 m - a scroll of summoning {unknown}
 n - 5 scrolls of remove curse
 q - 3 scrolls of immolation
 s - a scroll of identify
 u - a scroll of amnesia
Potions
 c - a potion of berserk rage
 i - 2 potions of curing
 j - a potion of mutation
 k - a potion of flight
 o - 3 potions of brilliance
Comestibles
 b - 13 rations
 v - 4 chunks of flesh


   Skills:
 - Level 4.0 Fighting
 + Level 6.4 Dodging
 - Level 1.7 Stealth
 + Level 1.3 Shields
 * Level 8.9 Unarmed Combat
 - Level 7.0 Invocations


You had 8 spell levels left.
You didn't know any spells.

Dungeon Overview and Level Annotations

Branches:
Dungeon (7/15)             Temple (1/1) D:4

Altars:
Ashenzari
Cheibriados
Dithmenos
Elyvilon
Fedhas
Gozag
Hepliaklqana
Kikubaaqudgha
Okawaru
Qazlal
Ru
Trog
Uskayaw
Vehumet
Xom
Yredelemnul
The Shining One

Annotations:
D:7 Joseph


Innate Abilities, Weirdness & Mutations

You have hoof-like feet.
You are immune to rotting.


Message History

The basilisk gazes at you. You resist with some effort.
The centaur hits you from afar with a glaive of chopping!
The basilisk bites you!
The phantom blinks!
The centaur hits you from afar with a glaive of chopping!
The basilisk bites you but does no damage.
The centaur hits you but does no damage.
The crimson imp blinks!
The centaur hits you from afar with a glaive of chopping!
* * * LOW HITPOINT WARNING * * *
x2 The basilisk bites you!
* * * LOW HITPOINT WARNING * * *
The crimson imp blinks!
A jelly comes into view.
The jelly quivers.
The centaur hits you from afar with a glaive of chopping!!
* * * LOW HITPOINT WARNING * * *
The basilisk barely misses you.
The jelly moves out of view.
The centaur hits you from afar with a glaive of chopping!
You die...

... ## ### ...
######. ...
........... ..
......... ###W###
###.###...
#...l@##
##.....##..
#.##c##.##
#....#..##. #.
##.###..#..##..##
#.
##.#..##..###..#
#(
#.#.###$#.....# #
##.....###..... #
#.#.....#.###.#
#.
##.#..###..##..#
#(
##.###..##..#..##


You could see a phantom, a basilisk and a centaur.

Vanquished Creatures
  The ghost of Slothtographer the Basher, a novice HOMo (D:5)
  A komodo dragon (D:7)
  A hippogriff (D:7)
  A hungry ghost (D:7)
  A yak (D:7)
  3 centaurs
  An ogre (D:4)
  4 bullfrogs
  A vampire bat (D:5)
  2 howler monkeys
  2 crimson imps
  A centaur zombie (D:5)
  2 bullfrog zombies
  3 hounds
  An orc wizard (D:7)
  A centaur skeleton (D:7)
  4 iguanas
  7 worker ants
  A hound skeleton (D:4)
  2 adders
  6 gnolls
  An ooze (D:1)
  An adder skeleton (D:4)
  3 worms (D:3)
  A dart slug (D:1)
  3 fire bats (D:5)
  A leopard gecko (D:3)
  12 orcs
  2 spectral bats (D:5)
  3 bat skeletons (D:5)
  A bat zombie (D:5)
  4 giant cockroaches
  8 goblins
  4 hobgoblins
  12 jackals
  3 quokkas
  11 bats
  A bat simulacrum (D:5)
  6 frilled lizards
  A jackal zombie (D:5)
  7 kobolds
  7 rats
138 creatures vanquished.

Notes
Turn   | Place    | Note
-------+----------+-------------------------------------------
     0 | D:1      | RedPan the Demonspawn Monk began the quest for the Orb.
     0 | D:1      | Reached XP level 1. HP: 18/18 MP: 1/1
    57 | D:1      | Reached skill level 3 in Unarmed Combat
    57 | D:1      | Gained mutation: You have large cloven feet. [demonic ancestry]
    57 | D:1      | Reached XP level 2. HP: 16/24 MP: 2/2
   769 | D:1      | Reached XP level 3. HP: 29/29 MP: 3/3
  1404 | D:2      | Found a shimmering altar of Xom.
  1532 | D:2      | Found a blossoming altar of Fedhas.
  1935 | D:3      | Found a shattered altar of Ashenzari.
  1967 | D:3      | Reached XP level 4. HP: 25/35 MP: 4/4
  2482 | D:3      | Found a white marble altar of Elyvilon.
  2586 | D:3      | Reached skill level 4 in Unarmed Combat
  3294 | D:4      | Noticed an ogre
  3303 | D:4      | Killed an ogre
  3303 | D:4      | Reached XP level 5. HP: 26/42 MP: 5/5
  3589 | D:4      | Reached XP level 6. HP: 35/48 MP: 6/6
  3613 | D:4      | Reached skill level 5 in Unarmed Combat
  3917 | D:4      | Found a glowing drain.
  4000 | D:4      | Found a staircase to the Ecumenical Temple.
  4127 | Temple   | Entered the Ecumenical Temple
  4342 | Temple   | Became a worshipper of Cheibriados the Contemplative
  4342 | Temple   | Reached * piety under Cheibriados
  4342 | Temple   | Reached ** piety under Cheibriados
  4557 | D:5      | Entered Level 5 of the Dungeon
  4618 | D:5      | Found a shadowy altar of Dithmenos.
  4761 | D:5      | Reached skill level 1 in Invocations
  4928 | D:5      | Gained mutation: You are immune to rotting. [demonic ancestry]
  4928 | D:5      | Reached XP level 7. HP: 48/54 MP: 8/8
  4935 | D:5      | Reached *** piety under Cheibriados
  5051 | D:5      | Noticed Slothtographer's ghost (novice HOMo)
  5093 | D:5      | Killed Slothtographer's ghost
  5093 | D:5      | Reached skill level 5 in Dodging
  5093 | D:5      | Reached skill level 6 in Unarmed Combat
  5221 | D:5      | Gained mutation: You have hoof-like feet. [demonic ancestry]
  5221 | D:5      | Reached XP level 8. HP: 58/60 MP: 11/11
  5419 | D:5      | Reached skill level 7 in Unarmed Combat
  5750 | D:6      | Found a hazy altar of Hepliaklqana.
  5953 | D:6      | Reached **** piety under Cheibriados
  5953 | D:6      | Reached skill level 5 in Invocations
  6297 | D:7      | Found a basalt altar of Yredelemnul.
  6487 | D:7      | Noticed a hippogriff
  6545 | D:7      | Killed a hippogriff
  6545 | D:7      | Reached skill level 8 in Unarmed Combat
  6548 | D:7      | Reached XP level 9. HP: 35/65 MP: 13/13
  6851 | D:7      | Noticed a komodo dragon
  6863 | D:7      | HP: 2/65 [komodo dragon (23)]
  6866 | D:7      | Killed a komodo dragon
  6866 | D:7      | Reached skill level 1 in Shields
  7174 | D:7      | Noticed Joseph
  7237 | D:7      | HP: 3/65 [centaur/glaive of chopping (10)]
  7238 | D:7      | Slain by a centaur

Vault maps used:
D:1:      tarquinn_simple_flora_water_d
D:2:      overflow_temple_1_default, overflow_temple_1_default
D:3:      lemuel_crystal_altar, evilmike_ruin_ashenzari
D:4:      temple_doors_ab, portal_sewer_entry_e, first_ration,
          uniq_blork_the_orc
D:5:      nicolae_dithmenos_the_darkroom, goddamned_bats
D:6:      lemuel_crystal_altar
D:7:      minmay_the_grid_octo_2x2, yredelemnul_altar_generic, uniq_joseph
Temple:   jpeg_temple_alley_garden

Skill      XL: |  1  2  3  4  5  6  7  8  9 |
---------------+----------------------------+-----
Unarmed Combat | 3 4 5 6 8 |  8.9
Dodging        | 3 4 5 6 |  6.4
Fighting       | 4 |  4.0
Invocations    | 2 4 6 7 |  7.0
Shields        | 1 |  1.3
Stealth        | |  1.7

Action                   |  1- 3 |  4- 6 |  7- 9 || total
-------------------------+-------+-------+-------++-------
Melee: Unarmed           |   114 |   286 |   277 ||   677
       Kick              |    26 |    37 |       ||    63
       Punch             |     2 |    10 |    15 ||    27
Invok: Bend Time         |       |     1 |     1 ||     2
       Slouch            |       |       |     1 ||     1
  Use: Scroll            |     6 |       |    11 ||    17
       Potion            |       |     2 |     2 ||     4
 Stab: Sleeping          |     4 |     2 |     5 ||    11
       Distracted        |       |       |     1 ||     1
  Eat: Chunk             |     3 |     6 |     6 ||    15
       Ration            |       |     1 |       ||     1
Armor: Robe              |    20 |    81 |    69 ||   170
Dodge: Dodged            |    66 |   274 |   272 ||   612

Table legend:
 A = Spawn XP
 B = Non-spawn XP
 C = Spawn XP percentage of total XP
 D = Spawn monster count
 E = Non-spawn monster count
 F = Spawn count percentage of total count
 G = Total turns spent on level
                    A         B        C        D         E        F      G
               +---------+---------+-------+---------+---------+-------+---------
         Total |       0 |    3833 |   0.0 |       0 |     138 |   0.0 |  7238
               +---------+---------+-------+---------+---------+-------+---------
           D:1 |       0 |      42 |   0.0 |       0 |      22 |   0.0 |  1196
           D:2 |       0 |       5 |   0.0 |       0 |       3 |   0.0 |   551
           D:3 |       0 |     134 |   0.0 |       0 |      25 |   0.0 |  1547
           D:4 |       0 |     255 |   0.0 |       0 |      18 |   0.0 |  1014
           D:5 |       0 |    1224 |   0.0 |       0 |      38 |   0.0 |  1050
           D:6 |       0 |     409 |   0.0 |       0 |      12 |   0.0 |   689
           D:7 |       0 |    1764 |   0.0 |       0 |      20 |   0.0 |   942
               +---------+---------+-------+---------+---------+-------+---------
